 Dungeon Crawl Stone Soup version 0.23.2-1-ga50397a (webtiles) character file.

Game seed: 11255766652348437905

2050 night the Carver (level 9, -3/76 HPs)
             Began as a Deep Dwarf Fighter on Apr 26, 2019.
             Was an Initiate of Makhleb.
             Slain by an angel
             ... wielding a +2 sacred scourge of holy wrath
             ... created by the Shining One
              (4 damage)
             ... on level 7 of the Dungeon.
             The game lasted 00:21:06 (5597 turns).

night the Carver (Deep Dwarf Fighter)               Turns: 5597, Time: 00:21:07

Health: -3/76      AC: 15    Str: 23    XL:     9   Next: 4%
Magic:  11/11      EV:  8    Int:  9    God:    Makhleb [......]
Gold:   226        SH:  9    Dex: 12    Spells: 8/8 levels left

rFire    . . .     SeeInvis .   w - +3 long sword (vamp)
rCold    . . .     Gourm    .   c - +0 shield
rNeg     . . .     Faith    .   G - +4 ring mail
rPois    +         Spirit   .   H - +2 hat
rElec    .         Reflect  .   F - +1 cloak
rCorr    .         Harm     .   J - +0 pair of gloves
MR       +....                  (no boots)
Stlth    +.........             (no amulet)
HPRegen  0.00/turn              p - ring of poison resistance
MPRegen  0.12/turn              (no ring)

@: non-regenerating, glowing
A: damage resistance, heal wounds, sense surroundings 2, no regeneration
a: Heal Wounds, Renounce Religion


You were on level 7 of the Dungeon.
You worshipped Makhleb.
Makhleb was noncommittal.
You were not hungry.

You visited 2 branches of the dungeon, and saw 8 of its levels.

You collected 308 gold pieces.
You spent 82 gold pieces at shops.

Inventory:

Hand Weapons
 v - a +0 hunting sling
 w - a +3 vampiric long sword (weapon)
Missiles
 e - 226 stones (quivered)
 h - 75 bolts
 n - 8 tomahawks
Armour
 c - a +0 shield (worn)
 F - a +1 cloak (worn)
 G - a +4 ring mail (worn)
 H - a +2 hat (worn)
 J - a +0 pair of gloves (worn)
Jewellery
 p - a ring of poison resistance (left hand)
Wands
 a - a wand of polymorph (1)
 i - a wand of random effects (2)
 t - a wand of flame (10)
 x - a wand of digging (4)
 E - a wand of paralysis (14)
Scrolls
 g - 3 scrolls of enchant weapon
 j - a scroll of enchant armour
 k - 2 scrolls of fog
 l - a scroll of blinking
 o - a scroll of remove curse
 q - 2 scrolls of teleportation
 s - a scroll of magic mapping
 L - 2 scrolls of identify
Potions
 b - a potion of ambrosia {unknown}
 d - 2 potions of might
 m - 3 potions of curing
 r - a potion of resistance {unknown}
 z - 2 potions of lignification
 A - a potion of haste
 B - a potion of berserk rage {unknown}
 C - 2 potions of flight {unknown}
 I - a potion of heal wounds {unknown}
 K - a potion of experience {unknown}
Comestibles
 f - 12 rations
 M - 3 chunks of flesh


   Skills:
 - Level 3.2 Fighting
 + Level 11.1 Long Blades
 - Level 3.6 Armour
 - Level 0.4 Dodging
 - Level 0.1 Stealth
 - Level 3.4 Shields
 + Level 3.8 Invocations


You had 8 spell levels left.
You didn't know any spells.
Your spell library contained the following spells:

 Spells                   Type           Power        Failure   Level  Hunger
 Bolt of Magma            Conj/Fire/Erth #.........   100%        5    ######.
 Iskenderun's Battlesphe  Conj/Chrm      #.......     100%        5    ######.
 Venom Bolt               Conj/Pois      #.........   100%        5    ######.
 Iron Shot                Conj/Erth      #.........   100%        6    #######
 Orb of Destruction       Conj           #.........   100%        7    #######
 Spellforged Servitor     Conj/Summ      #.........   100%        7    #######


Dungeon Overview and Level Annotations

Branches:
Dungeon (7/15)             Temple (1/1) D:6

Altars:
Ashenzari
Cheibriados
Dithmenos
Elyvilon
Gozag
Hepliaklqana
Kikubaaqudgha
Makhleb
Nemelex Xobeh
Okawaru
Qazlal
Ru
Sif Muna
Trog
Uskayaw
Vehumet
Wu Jian
Xom
Yredelemnul
The Shining One

Shops:
D:7 *

Annotations:
D:3 2 transporters


Innate Abilities, Weirdness & Mutations

You are resistant to damage.
You can heal yourself by infusing magical energy.
You passively map the area around you.
You do not regenerate.


Message History

The angel hits you with a +2 sacred scourge of holy wrath.
The daeva calls down the wrath of the Shining One upon you.
The Shining One smites you!
You slash the orc!
You feel better.
You kill the orc!
Makhleb accepts your kill.
The angel hits you with a +2 sacred scourge of holy wrath!!
The angel hits you with a +2 sacred scourge of holy wrath.
Items here: ))) [[[[ †† The angel hits you with a +2 sacred scourge of holy wrath!
* * * LOW HITPOINT WARNING * * *
The angel hits you but does no damage.
The daeva calls down the wrath of the Shining One upon you.
The Shining One smites you!
* * * LOW HITPOINT WARNING * * *
The daeva calls down the wrath of the Shining One upon you.
The Shining One smites you!
* * * LOW HITPOINT WARNING * * *
The angel hits you with a +2 sacred scourge of holy wrath!
You die...

....################### ,
....#.....#...........#
........).((()(.).....#
......................#
....................[.# *
......................#
#.#...................# ,
.8....................## *
⌠..#..<.........@...$..###
,
.8###...........A..........
*, ⌠.#
####...#####.....8.8.8.**
.8# #.### #)##........ ###*
, # #.##........ * # , *
#A##.#.!....,* . **
.A...#_).... ., *
..##..#.%... . , * * ..#*
#.. .... ,,


You could see 2 daevas and an angel.

Vanquished Creatures
  Pikel (D:5)
  A sky beast (D:7)
  A phantom (D:6)
  2 ogres
  2 centaurs
  A bullfrog (D:6)
  5 wights (D:6)
  A crimson imp (D:5)
  2 bullfrog zombies (D:5)
  6 hounds
  A jelly (D:6)
  Crazy Yiuf (D:4)
  2 orc priests (D:4)
  An orc wizard (D:7)
  A bullfrog skeleton (D:6)
  Ijyb (D:4)
  3 worker ants
  Terence (D:3)
  A hound zombie (D:7)
  A hound skeleton (D:4)
  A howler monkey skeleton (D:4)
  8 adders
  A shadow imp (D:6)
  An ooze (D:5)
  3 worms
  4 dart slugs
  3 leopard geckos
  22 orcs
  2 ball pythons
  2 giant cockroaches
  7 goblins
  18 hobgoblins
  5 jackals
  7 quokkas
  A ball python skeleton (D:4)
  9 bats
  7 frilled lizards
  A jackal skeleton (D:5)
  8 kobolds
  A leopard gecko skeleton (D:4)
  A quokka skeleton (D:4)
  8 rats
155 creatures vanquished.

Notes
Turn   | Place    | Note
-------+----------+-------------------------------------------
     0 | D:1      | night the Deep Dwarf Fighter began the quest for the Orb.
     0 | D:1      | Reached XP level 1. HP: 20/20 MP: 1/1
   329 | D:1      | Reached XP level 2. HP: 8/28 MP: 2/2
   892 | D:1      | Reached XP level 3. HP: 29/34 MP: 3/3
  1694 | D:2      | Reached skill level 3 in Long Blades
  1797 | D:2      | Found a glowing golden altar of the Shining One.
  1807 | D:2      | Reached XP level 4. HP: 23/42 MP: 4/4
  1936 | D:2      | Reached skill level 4 in Long Blades
  2170 | D:2      | Became a worshipper of the Shining One
  2269 | D:3      | Found a transporter.
  2352 | D:3      | Reached XP level 5. HP: 9/49 MP: 5/5
  2399 | D:3      | Fell from the grace of the Shining One
  2554 | D:3      | Found a transporter.
  2613 | D:3      | Noticed Terence
  2633 | D:3      | HP: 2/49 [Terence/+6 trident of protection (4)]
  2638 | D:3      | Killed Terence
  2872 | D:3      | Found a stormy altar of Qazlal.
  3053 | D:4      | Reached skill level 5 in Long Blades
  3235 | D:4      | Reached XP level 6. HP: 40/56 MP: 6/6
  3294 | D:4      | Noticed Ijyb
  3310 | D:4      | Killed Ijyb
  3315 | D:4      | Reached skill level 6 in Long Blades
  3459 | D:4      | Found a runed translucent door.
  3460 | D:4      | Noticed Crazy Yiuf
  3467 | D:4      | Killed Crazy Yiuf
  3467 | D:4      | Reached skill level 7 in Long Blades
  3570 | D:4      | Reached XP level 7. HP: 61/62 MP: 7/7
  3749 | D:5      | Entered Level 5 of the Dungeon
  3991 | D:5      | Noticed Pikel
  4040 | D:5      | Killed Pikel
  4040 | D:5      | Reached skill level 9 in Long Blades
  4040 | D:5      | Reached XP level 8. HP: 63/69 MP: 8/8
  4539 | D:6      | Reached skill level 10 in Long Blades
  4763 | D:6      | Found a staircase to the Ecumenical Temple.
  4781 | Temple   | Entered the Ecumenical Temple
  4950 | Temple   | Became a worshipper of Makhleb the Destroyer
  5060 | D:6      | Noticed a daeva
  5060 | D:6      | Noticed a daeva
  5229 | D:6      | Reached skill level 1 in Invocations
  5394 | D:7      | Reached skill level 11 in Long Blades
  5396 | D:7      | Found Ryroluleh's General Store.
  5414 | D:7      | Bought a scroll of blinking for 82 gold pieces
  5449 | D:7      | Gained mutation: You passively map the area around you.
                  | [Deep Dwarf growth]
  5449 | D:7      | Reached XP level 9. HP: 37/76 MP: 11/11
  5569 | D:7      | Found a hide-covered altar of Uskayaw.
  5590 | D:7      | Noticed a daeva
  5590 | D:7      | Noticed a daeva
  5590 | D:7      | Noticed an angel
  5597 | D:7      | HP: 1/76 [daeva/divine providence[the Shining One] (11)]
  5597 | D:7      | Slain by an angel

Skill      XL: |  1  2  3  4  5  6  7  8 |
---------------+-------------------------+-----
Fighting       | 3 |  3.2
Long Blades    | 3 4 5 7 9 11 | 11.1
Invocations    | 3 |  3.8
Armour         | |  3.6
Dodging        | |  0.4
Stealth        | |  0.1
Shields        | |  3.4

Action                   |  1- 3 |  4- 6 |  7- 9 || total
-------------------------+-------+-------+-------++-------
Melee: Long sword        |   180 |   243 |   236 ||   659
Throw: Stone             |     3 |       |       ||     3
       Tomahawk          |       |     1 |       ||     1
Invok: Renounce Religion |       |     1 |       ||     1
 Abil: Heal Wounds       |     1 |     1 |     2 ||     4
Evoke: Wand              |       |     1 |       ||     1
  Use: Scroll            |       |       |    12 ||    12
  Eat: Chunk             |     3 |     4 |     7 ||    14
       Ration            |       |     2 |       ||     2
Armor: Scale mail        |    71 |    89 |       ||   160
       Ring mail         |       |     4 |    91 ||    95
Dodge: Dodged            |    62 |    57 |    68 ||   187
Block: Shield            |   102 |   125 |    87 ||   314
       Rpst.: Long sword |    20 |    20 |    16 ||    56
